 Dungeon Crawl Stone Soup version 0.24-a0-99-ge52b27f005 (webtiles) character file.

Game seed: 10264557212978788523

2919 Niddhogr the Tainter (level 10, -1/79 HPs)
             Began as a Formicid Venom Mage on Feb 11, 2019.
             Slain by an acid dragon (15 damage)
             ... on level 6 of the Dungeon on Feb 12, 2019.
             The game lasted 00:32:19 (7034 turns).

Niddhogr the Tainter (Formicid Venom Mage)          Turns: 7034, Time: 00:32:20

Health: -1/79      AC: -9    Str: 18    XL:     10   Next: 6%
Magic:  3/16       EV: 12    Int: 18    God:
Gold:   89         SH:  0    Dex: 11    Spells: 3/17 levels left

rFire    + . .     SeeInvis +   b - +0 whip (elec)
rCold    + . .     Gourm    .   (no shield)
rNeg     + + +     Faith    .   L - +1 robe of Motsiaty {*Corrode +Inv rC+ rN+++}
rPois    .         Spirit   .   (helmet unavailable)
rElec    .         Reflect  .   (no cloak)
rCorr    .         Harm     .   k - +0 pair of gloves
MR       +....                  s - +2 pair of boots {run}
Stlth    ++........             w - amulet of regeneration
HPRegen  0.63/turn              a - ring of protection from fire
MPRegen  0.15/turn              l - ring of wizardry

@: mighty, corroded, quick
A: permanent stasis, dig shafts and tunnels, four strong arms, antennae 3
a: Dig, Shaft Self, Evoke Invisibility


You were on level 6 of the Dungeon.
You were hungry.

You visited 1 branch of the dungeon, and saw 7 of its levels.
You also visited: Ossuary.

You collected 329 gold pieces.
You spent 240 gold pieces at shops.

Inventory:

Hand Weapons
 b - a +0 whip of electrocution (weapon)
 g - a +0 dagger of draining
 u - a +0 trident
Armour
 k - a +0 pair of gloves (worn)
 s - a +2 pair of boots of running (worn)
 L - the +1 robe of Motsiaty (worn) {*Corrode +Inv rC+ rN+++}
   (You found it on level 5 of the Dungeon)

   It protects you from cold.
   It renders you almost immune to negative energy.
   It lets you turn invisible.
   It may corrode you when you take damage.
Jewellery
 a - a ring of protection from fire (left hand)
 l - a ring of wizardry (right hand)
 p - an uncursed ring of flight
 w - an amulet of regeneration (around neck)
 x - an uncursed ring of ice
Wands
 z - a wand of digging (2)
 A - a wand of flame (24)
Scrolls
 d - 3 scrolls of enchant weapon {unknown}
 e - 2 scrolls of fog {unknown}
 i - 6 scrolls of remove curse
 j - a scroll of blinking {unknown}
 m - 3 scrolls of amnesia
 r - 3 scrolls of noise {unknown}
 y - 2 scrolls of immolation
 G - 2 scrolls of fear {unknown}
 I - a scroll of summoning {unknown}
Potions
 f - a potion of haste
 n - 2 potions of might
 o - a potion of mutation {unknown}
 t - 2 potions of curing
 v - a potion of berserk rage {unknown}
 B - a potion of flight {unknown}
 C - a potion of ambrosia {unknown}
 D - a potion of magic {unknown}
 E - a potion of resistance {unknown}
 F - a potion of cancellation {unknown}
 H - a potion of agility {unknown}
Comestibles
 c - 7 rations
 h - a chunk of flesh


   Skills:
 + Level 7.6 Fighting
 - Level 4.1 Polearms
 - Level 1.7 Dodging
 - Level 2.4 Stealth
 - Level 4.1 Spellcasting
 - Level 5.8 Conjurations
 - Level 10.2 Poison Magic


You had 3 spell levels left.
You knew the following spells:

 Your Spells              Type           Power        Failure   Level  Hunger
a - Poisonous Vapours     Pois/Air       ###...       1%          2    ##.....
b - Mephitic Cloud        Conj/Pois/Air  ###.....     1%          3    ###....
c - Olgreb's Toxic Radia  Pois           #####...     1%          4    ####...
d - Venom Bolt            Conj/Pois      ####......   6%          5    ######.

Your spell library contained the following spells:

 Spells                   Type           Power        Failure   Level  Hunger
 Sting                    Conj/Pois      ####         1%          1    None


Dungeon Overview and Level Annotations

Branches:
Dungeon (7/15)
 Temple: D:4-7

Altars:
Ashenzari
Dithmenos
Fedhas
Kikubaaqudgha
Nemelex Xobeh
Okawaru
Qazlal
Trog
Vehumet
Zin

Shops:
D:4 [   D:7 [


Innate Abilities, Weirdness & Mutations

You cannot be hasted, slowed, berserked, paralysed or teleported.
You can dig through walls and to a lower floor.
Your four strong arms can wield two-handed weapons with a shield.
You have a pair of large antennae on your head. (SInv)


Message History

The acid dragon spits acid at you. The splash of acid hits you!
The acid corrodes you!
You are splashed with acid!
* * * LOW HITPOINT WARNING * * *
Okay, then.
Unknown command.
It was a potion of haste.
Your stasis prevents you from being hasted.
It was a potion of curing.
You feel better.
You feel very mighty all of a sudden.
You hit the acid dragon but do no damage.
Lightning courses through the acid dragon!
The acid dragon is heavily wounded.
The acid dragon spits acid at you. The splash of acid hits you!
You are splashed with acid!
* * * LOW HITPOINT WARNING * * *
You closely miss the acid dragon.
The acid dragon is heavily wounded.
The acid dragon completely misses you. The acid dragon barely misses you.
The acid dragon bites you!
You die...

#....### ######...#
#.###### #....#.. ..#
#...# #...oo.. #....#.#
#.# ##..# ########
#....#a# #.# #.>#
.##....#.## #.# ##..####
5.........# #.# #......#
#########.#####.###......#
.....<.....aD...#......#
#############@#.#......#
#..........#.#.##..####
##########.#.#.##..#
####...###.#.......#
#....#.........#...#
##########.........#
..................#
#################.# .#


You could see an acid dragon and a worker ant.

Vanquished Creatures
  A troll (D:6)
  Sigmund (D:2)
  Eustachio (D:5)
  3 ogres
  An orc warrior (D:6)
  A black bear (D:6)
  A centaur (D:3)
  A bullfrog (D:7)
  10 scorpions
  3 howler monkeys
  2 electric eels (D:4)
  2 centaur zombies (Ossuary)
  A crimson imp (D:5)
  3 jellies
  2 hounds
  A human zombie (Ossuary)
  7 orc wizards
  4 orc priests
  An iguana (D:7)
  Natasha (thrice) (D:4)
  6 worker ants
  2 big kobold zombies (Ossuary)
  A hound zombie (D:7)
  3 hound skeletons
  4 mummies
  A howler monkey zombie (D:5)
  A worker ant zombie (D:6)
  2 scorpion zombies (Ossuary)
  3 adders
  A shadow imp (D:5)
  2 oozes
  3 worms (D:3)
  2 dart slugs
  2 leopard geckos
  18 orcs
  5 giant cockroaches
  11 goblins
  6 hobgoblins
  7 jackals
  6 kobolds
  A quokka (D:6)
  4 bats
  8 frilled lizards
  2 goblin zombies (Ossuary)
  2 hobgoblin zombies (Ossuary)
  A jackal skeleton (D:7)
  3 kobold zombies
  3 orc zombies
  10 rats
169 creatures vanquished.

Vanquished Creatures (others)
  An orc wizard (D:6)
  An orc (D:6)
2 creatures vanquished.

Grand Total: 171 creatures vanquished

Notes
Turn   | Place    | Note
-------+----------+-------------------------------------------
     0 | D:1      | Niddhogr the Formicid Venom Mage began the quest for the
                  | Orb.
     0 | D:1      | Reached XP level 1. HP: 13/13 MP: 3/3
    20 | D:1      | Reached skill level 1 in Conjurations
   112 | D:1      | Reached XP level 2. HP: 13/19 MP: 3/5
   484 | D:1      | Reached XP level 3. HP: 24/24 MP: 4/6
   748 | D:2      | Noticed a moth of wrath
   751 | D:2      | Found a bloodstained altar of Trog.
   913 | D:2      | Learned a level 3 spell: Mephitic Cloud
   994 | D:2      | Noticed Sigmund
  1002 | D:2      | Killed Sigmund
  1002 | D:2      | Reached skill level 6 in Poison Magic
  1002 | D:2      | Reached XP level 4. HP: 30/30 MP: 1/7
  1002 | D:2      | Reached XP level 5. HP: 35/35 MP: 1/8
  1014 | D:2      | Learned a level 4 spell: Olgreb's Toxic Radiance
  1216 | D:2      | Reached XP level 6. HP: 41/41 MP: 7/9
  1348 | D:2      | Found a glowing silver altar of Zin.
  1520 | D:2      | Found an ancient bone altar of Kikubaaqudgha.
  1882 | D:3      | Reached skill level 7 in Poison Magic
  2102 | D:3      | Reached skill level 1 in Fighting
  2682 | D:3      | Found a shadowy altar of Dithmenos.
  2684 | D:3      | Found an iron altar of Okawaru.
  2761 | D:3      | Found a blossoming altar of Fedhas.
  2905 | D:3      | Found a faded altar of an unknown god.
  3154 | D:4      | Reached XP level 7. HP: 34/52 MP: 5/10
  3293 | D:4      | Found a transporter.
  3309 | D:4      | Found a transporter.
  3475 | D:4      | Found Xivueqy's Antique Armour Emporium.
  3765 | D:4      | Noticed Natasha
  3776 | D:4      | Killed Natasha
  3978 | D:4      | Reached skill level 1 in Polearms
  3978 | D:4      | Reached XP level 8. HP: 31/60 MP: 10/14
  4051 | D:5      | Entered Level 5 of the Dungeon
  4111 | D:5      | Found a sand-covered staircase.
  4210 | Ossuary  | Entered an ossuary
  4621 | Ossuary  | Learned a level 5 spell: Venom Bolt
  4663 | Ossuary  | Reached skill level 8 in Poison Magic
  5069 | Ossuary  | Reached skill level 9 in Poison Magic
  5087 | Ossuary  | Reached XP level 9. HP: 65/65 MP: 10/15
  5180 | D:5      | Noticed Eustachio
  5206 | D:5      | Killed Eustachio
  5280 | D:5      | Reached skill level 10 in Poison Magic
  5445 | D:5      | Found a sparkling altar of Nemelex Xobeh.
  5653 | D:5      | Got a crude robe
  5664 | D:5      | Identified the +1 robe of Motsiaty {*Corrode +Inv rC+
                  | rN+++} (You found it on level 5 of the Dungeon)
  5780 | D:4      | Noticed Natasha
  5840 | D:4      | Killed Natasha
  5846 | D:4      | Found a transporter.
  5926 | D:4      | Found Xivueqy's Antique Armour Emporium.
  5936 | D:4      | Found a transporter.
  6027 | D:4      | Noticed Natasha
  6032 | D:4      | Killed Natasha
  6182 | D:6      | Learned a level 2 spell: Poisonous Vapours
  6183 | D:6      | Found a radiant altar of Vehumet.
  6301 | D:6      | Found a bloodstained altar of Trog.
  6350 | D:6      | Reached skill level 5 in Conjurations
  6389 | D:6      | Noticed a troll
  6457 | D:6      | Killed a troll
  6457 | D:6      | Reached skill level 5 in Fighting
  6467 | D:6      | You fall through a shaft!
  6467 | D:7      | Found a stormy altar of Qazlal.
  6735 | D:7      | Found a shattered altar of Ashenzari.
  6765 | D:7      | Reached XP level 10. HP: 79/79 MP: 12/16
  6780 | D:7      | Found Ytoacho's Antique Armour Emporium.
  6794 | D:7      | Bought a pair of glowing boots for 240 gold pieces
  6804 | D:7      | Identified a +2 pair of boots of running (You bought it in
                  | a shop on level 7 of the Dungeon)
  7034 | D:6      | Slain by an acid dragon

Levels and vault maps discovered:
D:1:      minmay_arrival_doors, layout_loops_ring
D:2:      layout_basic, kiku_gazebo_garden_becter, overflow_temple_1_default,
          tgw_trog, uniq_sigmund
D:3:      layout_loops_ring, lemuel_round_altar, nicolae_overflow_hidden_temple,
          first_ration, chequers_ecumenical_altar_grove,
          minmay_fractal_squares_diagonal_5
D:4:      gammafunk_steamed_eel, layout_loops_ring, serial_shops,
          nicolae_shop_window_shopping, kennysheep_donut, uniq_natasha
D:5:      layout_loops_cross, nemelex_xobeh_ov_fountains_minmay,
          nicolae_ossuary_entry_giza, uniq_eustachio
D:6:      layout_basic, nicolae_overflow_crystal_walls, fiery_altar_vehumet,
          kennysheep_little_box
D:7:      layout_basic, cheibrodos_ashenzari_chains,
          nicolae_qazlal_general_emergency,
          minmay_temple_entry_statues_fountains, serial_shops, shop,
          kennysheep_opposing_triangles
Ossuary:  ossuary_minmay_scorpions

Skill      XL: |  1  2  3  4  5  6  7  8  9 |
---------------+----------------------------+-----
Conjurations   | 1 2 3 4 5 |  5.8
Poison Magic   | 6 7 9 10 | 10.2
Fighting       | 3 4 7 |  7.6
Spellcasting   | 4 |  4.1
Polearms       | 1 4 |  4.1
Dodging        | |  1.7
Stealth        | |  2.4

Action                   |  1- 3 |  4- 6 |  7- 9 | 10-12 || total
-------------------------+-------+-------+-------+-------++-------
Melee: Whip              |    55 |    84 |   301 |    19 ||   459
       Trident           |       |    17 |    13 |       ||    30
 Cast: Sting             |    27 |    11 |    14 |       ||    52
       Mephitic Cloud    |     1 |       |     1 |       ||     2
       Olgreb's Toxic Ra |       |     6 |    23 |       ||    29
       Venom Bolt        |       |       |     9 |     7 ||    16
 Abil: Shaft Self        |       |       |     1 |       ||     1
Evoke: Wand              |       |       |    18 |     1 ||    19
  Use: Scroll            |       |     1 |     7 |       ||     8
       Potion            |       |       |     2 |     3 ||     5
 Stab: Sleeping          |     1 |     3 |     7 |       ||    11
       Paralysed         |       |       |     8 |       ||     8
  Eat: Chunk             |       |     3 |    13 |     2 ||    18
       Ration            |       |     2 |     2 |       ||     4
Armor: Robe              |    16 |    31 |    56 |     2 ||   105
Dodge: Dodged            |    38 |    84 |   164 |    10 ||   296

Table legend:
 A = Non-vault XP
 B = Vault XP
 C = Vault XP percentage of total XP
 D = Non-vault monster count
 E = Vault monster count
 F = Vault count percentage of total count
                 A         B        C        D         E       F
            +---------+---------+-------+---------+---------+-------
      Total |    2680 |    1490 |  35.7 |     123 |      47 |  27.6
            +---------+---------+-------+---------+---------+-------
        D:1 |      29 |       0 |   0.0 |      16 |       0 |   0.0
        D:2 |      33 |     210 |  86.4 |      16 |       6 |  27.3
        D:3 |     205 |      27 |  11.6 |      16 |       7 |  30.4
        D:4 |     432 |     143 |  24.9 |      26 |       3 |  10.3
        D:5 |     375 |     217 |  36.7 |      17 |       4 |  19.0
        D:6 |     987 |       0 |   0.0 |      18 |       0 |   0.0
        D:7 |     619 |       0 |   0.0 |      14 |       0 |   0.0
    Ossuary |       0 |     893 | 100.0 |       0 |      27 | 100.0
            +---------+---------+-------+---------+---------+-------
